 Dungeon Crawl Stone Soup version 0.16.1-51-g6203257 (webtiles) character file.

49949 Havoc the Fencer (level 14, 0/124 HPs)
             Began as a Minotaur Gladiator on July 28, 2015.
             Was the Champion of Ru.
             Slain by a death yak (14 damage)
             ... on level 8 of the Lair of Beasts on July 29, 2015.
             The game lasted 02:55:49 (17908 turns).

Havoc the Fencer (Minotaur Gladiator)              Turns: 17908, Time: 02:55:50

Health: 0/124      AC: 17    Str: 27    XL:     14   Next: 17%
Magic:  5/5        EV: 19    Int: 10    God:    Ru [******]
Gold:   883        SH:  0    Dex: 16    Spells: 0 memorised, 13 levels left

rFire  + . .     SeeInvis .     S - +0 scimitar (slice)
rCold  + . .     Clarity  .     m - +2 ring mail {rF+}
rNeg   . . .     SustAb   .     (no shield)
rPois  .         Gourm    .     c - +0 hat
rElec  .         Spirit   .     v - +0 cloak
rCorr  .         Warding  .     n - +2 pair of gloves
rMut   .         NoTele   +     b - +2 pair of boots
MR     ++...     NoCast   +     R - amulet of regeneration
Stlth  ..........               l - ring of Psefuti {-Cast -Tele rC+ MR+ Str+6 Int+4}
                                k - +4 ring of dexterity

@: exhausted, no scrolls, drained, very resistant to hostile enchantments,
extremely unstealthy
A: retaliatory headbutt, horns 2, screaming 1, weak 1, inability to read while
threatened, no stealth, hated by all, no conjurations magic, no necromancy
magic, no poison magic, unskilled 1
a: Draw Out Power, Power Leap, Apocalypse, Renounce Religion


You were on level 8 of the Lair of Beasts.
You worshipped Ru.
Ru was exalted by your worship.
You were hungry.

You visited 5 branches of the dungeon, and saw 22 of its levels.
You also visited: Labyrinth.

You collected 997 gold pieces.
You spent 114 gold pieces at shops.

Inventory:

Hand weapons
 L - the +8 flail of Buity {drain, rN+ MP+9}
   (You found it on level 10 of the Dungeon)

   A truly terrible weapon, it drains the life of those it strikes.
   It protects you from negative energy.
   It affects your magic capacity (+9).
 S - a +0 scimitar of slicing (weapon)
Missiles
 h - a throwing net
 t - 3 javelins (quivered)
Armour
 b - a +2 pair of boots (worn)
 c - a +0 hat (worn)
 m - a +2 ring mail of fire resistance (worn)
 n - a +2 pair of gloves (worn)
 v - a +0 cloak (worn)
 z - a +0 pair of gloves
 V - a +2 scale mail of magic resistance
 Y - a +0 scale mail of cold resistance
Jewellery
 k - a +4 ring of dexterity (left hand)
 l - the ring of Psefuti (right hand) {-Cast -Tele rC+ MR+ Str+6 Int+4}
   (You found it on level 6 of the Dungeon)

   [ring of protection from magic]

   It affects your strength (+6).
   It affects your intelligence (+4).
   It protects you from cold.
   It affects your resistance to hostile enchantments.
   It prevents spellcasting.
   It prevents most forms of teleportation.
 q - a cursed ring of teleportation
 J - a +2 ring of strength
 Q - an uncursed ring of magical power
 R - an amulet of regeneration (around neck)
 U - an uncursed ring of teleport control
Magical devices
 g - a wand of lightning (12)
 C - a wand of fireball (5)
 F - a wand of confusion (18)
 I - a wand of fire (7)
 K - a wand of digging (12)
 N - a wand of invisibility (2)
 X - a wand of paralysis (5)
Scrolls
 a - 3 scrolls of enchant weapon {unknown}
 d - 2 scrolls of magic mapping
 p - 2 scrolls of identify
 u - a scroll of teleportation
 x - a scroll of holy word
 y - 2 scrolls of noise {unknown}
 D - a scroll of remove curse
 T - a scroll of fear
Potions
 e - 2 potions of heal wounds
 j - 3 potions of curing
 r - a potion of might
 s - a potion of agility
 A - a potion of cancellation
 B - 2 potions of ambrosia
 H - a potion of restore abilities
 M - a potion of cure mutation
 P - a potion of lignification
Books
 w - a book of Beasts

   Spells                             Type                      Level
   a - Summon Butterflies             Summoning                    1
   b - Call Canine Familiar           Summoning                    3
   c - Summon Ice Beast               Ice/Summoning                4
   d - Summon Mana Viper              Hexes/Summoning              5
   e - Monstrous Menagerie            Summoning                    6
   f - Summon Hydra                   Summoning                    7
 G - an Akashic Record {highlevel, unknown}

   This book is beyond your current level of understanding.

   Spells                             Type                      Level
   a - Dispersal                      Translocation                6
   b - Controlled Blink               Translocation                7
   c - Malign Gateway                 Summoning/Translocation      7
   d - Disjunction                    Translocation                8
   e - Singularity                    Translocation                9
 O - a book of the Dragon

   Spells                             Type                      Level
   a - Flight                         Charms/Air                   3
   b - Cause Fear                     Hexes                        4
   c - Bolt of Fire                   Conjuration/Fire             6
   d - Dragon Form                    Transmutation                7
   e - Dragon's Call                  Summoning                    9
Comestibles
 f - 3 bread rations
 i - a royal jelly
 o - 4 meat rations
 E - 3 fruits
 W - 4 chunks of flesh


   Skills:
 + Level 11.3(11.1) Fighting
 * Level 17.7(17.5) Long Blades
 + Level 2.1(1.9) Maces & Flails
 + Level 5.4(5.2) Throwing
 + Level 9.5(9.3) Armour
 + Level 11.4(11.2) Dodging
 + Level 1.1(0.9) Unarmed Combat


You had 13 spell levels left.
You didn't know any spells.

Dungeon Overview and Level Annotations

Branches:
Dungeon (11/15)            Temple (1/1) D:4            Lair (8/8) D:10
 Shoals (1/5) Lair:3        Snake (1/5) Lair:4        Slime (0/6) Lair:8
    Orc: D:9-12

Altars:
Ashenzari
Cheibriados
Dithmenos
Elyvilon
Fedhas
Gozag
Kikubaaqudgha
Makhleb
Nemelex Xobeh
Okawaru
Qazlal
Ru
Sif Muna
Trog
Vehumet
Xom
Yredelemnul
Zin
The Shining One
Jiyva

Shops:
D:6 [   D:7 ?

Annotations:
D:10 exclusion: downstairs
Lair:3 exclusion: downstairs
Lair:4 exclusion: downstairs


Innate Abilities, Weirdness & Mutations

You reflexively headbutt those who attack you in melee.
You have a pair of horns on your head.
You occasionally shout uncontrollably at your foes.
You are weak. (Str -2)
You cannot read scrolls while threatened.
You cannot be stealthy.
You are hated by all.
You cannot study or cast Conjurations magic.
You cannot study or cast Necromancy magic.
You cannot study or cast Poison magic.
You are somewhat unskilled (-1 Apt).


Message History

You headbutt the death yak, but do no damage.
You hit the death yak.
The death yak is moderately wounded.
The death yak is no longer blind.
The death yak barely misses you. You furiously retaliate!
You headbutt the death yak.
Your ring mail prevents you from hitting the death yak.
You headbutt the death yak!
The death yak is heavily wounded.
You slash the death yak! You headbutt the death yak.
The death yak is heavily wounded.
The death yak gores you!
* * * LOW HITPOINT WARNING * * *
You slash the death yak! You headbutt the death yak!
The death yak is almost dead.
You completely miss the death yak. Your headbutt misses the death yak.
The death yak is almost dead.
You hit the death yak but do no damage. Your headbutt misses the death yak.
The death yak is almost dead.
The death yak gores you!
You die...

......≈≈≈≈≈≈≈≈≈≈≈≈≈≈≈≈≈
.......†≈†≈≈≈≈≈≈≈≈≈≈P≈≈≈≈
.......†.†P≈≈≈≈≈≈≈≈≈≈≈P≈≈≈
...Y...≈.††.†≈≈PP≈≈≈≈≈≈≈P.
.#........†..%P.≈≈≈P≈≈..P≈
.##.........P.≈.P.≈≈P....≈...
.#.P......#........PP..........
..PP..........................F.
.P........#....Y@................
PPPP.............÷.<.............
PPPP.P..#........................
.PPP.........._........÷.........
PP.#..........>÷...†..÷P.........
##....................P.P......
#....P..#..............P.P....#
#......#...P...........(......#
#..<^..###P......PP...........#


You could see a death yak.

Vanquished Creatures
  A minotaur (Lab)
  7 hydras
  9 death yaks
  A fire crab (Lair:8)
  2 hill giants (D:10)
  An unseen horror (D:10)
  An ugly thing (D:10)
  5 elephants (Lair:6)
  A siren (Shoals:1)
  2 griffons (Lair:6)
  2 black mambas
  22 spiny frogs
  A queen ant (Lair:6)
  2 centaur skeletons
  3 fire drakes
  4 komodo dragons
  2 giant leeches (Lair:8)
  2 polar bears
  A two-headed ogre (D:6)
  Prince Ribbit (D:8)
  2 boulder beetles
  29 blink frogs
  2 trapdoor spiders (Lab)
  33 yaks
  2 wyverns
  6 vampire mosquitoes (Lair:8)
  7 hippogriffs
  A golden eye (Lair:8)
  A hungry ghost (D:8)
  10 wolves (Lair:2)
  Menkaure (D:7)
  A swamp drake (D:10)
  8 soldier ants (Lair:6)
  15 porcupines
  3 sky beasts
  19 water moccasins
  11 crocodiles
  6 centaurs
  Sigmund (D:5)
  2 boring beetles
  30 giant frogs
  5 ogres
  A big kobold (D:5)
  A wyvern zombie (D:10)
  A water moccasin skeleton (D:4)
  3 scorpions
  4 electric eels (Lair:8)
  2 crimson imps
  8 hounds
  4 orc priests
  4 jellies
  10 iguanas
  7 orc wizards
  27 worker ants
  8 sheep (Lair:5)
  2 hound skeletons
  A worker ant zombie (D:6)
  13 adders
  4 gnolls (D:4)
  41 river rats
  4 shadow imps
  2 giant mites
  A worm (D:3)
  2 adder skeletons
  8 giant geckos
  An ooze (D:5)
  29 orcs
  2 giant cockroaches (D:2)
  11 hobgoblins
  13 jackals
  19 quokkas
  2 ball pythons
  7 bats
  6 giant newts
  A giant spore (D:8)
  9 goblins
  12 kobolds
  A kobold zombie (D:5)
  18 rats
  A ballistomycete (D:8)
  A fungus (Lair:7)
556 creatures vanquished.

Vanquished Creatures (others)
  An ogre (D:10)
  A hound (Lair:2)
  A river rat (Lair:8)
  A quokka (Lair:4)
  21 fungi
  12 plants
37 creatures vanquished.

Grand Total: 593 creatures vanquished

Notes
Turn   | Place    | Note
--------------------------------------------------------------
     0 | D:1      | Havoc, the Minotaur Gladiator, began the quest for the Orb.
     0 | D:1      | Reached XP level 1. HP: 18/18 MP: 1/1
   306 | D:1      | Reached skill level 4 in Long Blades
   306 | D:1      | Reached XP level 2. HP: 25/25 MP: 1/1
  1199 | D:2      | Reached XP level 3. HP: 26/30 MP: 2/2
  1214 | D:2      | Found an ancient bone altar of Kikubaaqudgha.
  1217 | D:2      | Reached skill level 1 in Armour
  1242 | D:2      | Found a shadowy altar of Dithmenos.
  1477 | D:3      | Reached skill level 5 in Long Blades
  1477 | D:3      | Reached XP level 4. HP: 26/38 MP: 2/2
  1579 | D:5      | Entered Level 5 of the Dungeon
  1612 | D:3      | Noticed a moth of wrath
  1616 | D:3      | Found a bloodstained altar of Trog.
  1802 | D:3      | Reached XP level 5. HP: 36/45 MP: 2/2
  1869 | D:3      | Found a burning altar of Makhleb.
  2315 | D:4      | Found a staircase to the Ecumenical Temple.
  2343 | Temple   | Entered the Ecumenical Temple
  2351 | Temple   | Became a worshipper of Ru the Awakened
  2479 | D:4      | Noticed an ogre
  2490 | D:4      | Killed an ogre
  2490 | D:4      | Reached XP level 6. HP: 24/52 MP: 3/3
  2675 | D:4      | Reached skill level 6 in Long Blades
  3140 | D:5      | Noticed a big kobold
  3152 | D:5      | Noticed a centaur
  3230 | D:5      | Killed a centaur
  3401 | D:6      | Noticed a centaur skeleton
  3415 | D:6      | Killed a centaur skeleton
  3415 | D:6      | Reached skill level 7 in Long Blades
  3415 | D:6      | Reached skill level 5 in Dodging
  3415 | D:6      | Reached XP level 7. HP: 33/60 MP: 3/3
  3472 | D:5      | Found a shattered altar of Ashenzari.
  3535 | D:5      | Noticed a centaur
  3538 | D:5      | Reached skill level 5 in Armour
  3544 | D:5      | Killed a centaur
  3549 | D:5      | Gained mutation: You occasionally shout uncontrollably at your foes. [Ru sacrifice]
  3636 | D:5      | Reached XP level 8. HP: 56/67 MP: 3/3
  3683 | D:5      | Noticed an ogre
  3739 | D:5      | Killed an ogre
  3750 | D:5      | Found a shimmering altar of Xom.
  3753 | D:5      | Noticed an ogre
  3763 | D:5      | Killed an ogre
  3763 | D:5      | Reached skill level 5 in Fighting
  3763 | D:5      | Reached skill level 8 in Long Blades
  3771 | D:5      | Noticed Sigmund
  3796 | D:5      | Killed Sigmund
  3849 | D:5      | Killed a big kobold
  3965 | D:6      | Got a crude golden ring
  3985 | D:5      | Identified the ring of Psefuti {-Cast -Tele rC+ MR+ Str+6 Int+4} (You found it on level 6 of the Dungeon)
  4333 | D:5      | Found a blossoming altar of Fedhas.
  4877 | D:6      | Found Tytosas' Armour Emporium.
  5162 | D:6      | Noticed a two-headed ogre
  5167 | D:6      | Killed a two-headed ogre
  5167 | D:6      | Reached skill level 9 in Long Blades
  5167 | D:6      | Reached skill level 1 in Unarmed Combat
  5327 | D:6      | Found a basalt altar of Yredelemnul.
  5479 | D:7      | Reached XP level 9. HP: 74/74 MP: 4/4
  5493 | D:7      | Found an opulent altar of Gozag.
  5679 | D:7      | Noticed Menkaure
  5683 | D:7      | Killed Menkaure
  5714 | D:7      | Found Scheiz's Magic Scroll Shop.
  5720 | D:7      | Gained mutation: You are hated by all. [Ru sacrifice]
  5720 | D:7      | Acquired Ru's first power
  5723 | D:7      | Bought a scroll of identify for 24 gold pieces
  5723 | D:7      | Bought a scroll of identify for 24 gold pieces
  5723 | D:7      | Bought a scroll of identify for 24 gold pieces
  5726 | D:7      | Bought a scroll of magic mapping for 42 gold pieces
  5772 | D:7      | Found a deep blue altar of Sif Muna.
  5889 | D:8      | Noticed Prince Ribbit
  6089 | D:9      | Reached skill level 10 in Long Blades
  6222 | D:8      | Found a glowing golden altar of the Shining One.
  6236 | D:8      | Killed Prince Ribbit
  6374 | D:8      | Found a glowing silver altar of Zin.
  6662 | D:10     | Entered Level 10 of the Dungeon
  6757 | D:10     | Noticed a hill giant
  6769 | D:10     | Killed a hill giant
  6769 | D:10     | Reached skill level 11 in Long Blades
  6815 | D:9      | Reached XP level 10. HP: 28/86 MP: 4/4
  7723 | D:10     | Noticed a komodo dragon
  7728 | D:10     | Killed a komodo dragon
  7919 | D:10     | Gained mutation: Your spells are a little harder to cast, but a little more powerful. [potion of beneficial mutation]
  7941 | D:10     | Found a staircase to the Lair.
  7946 | Lair:1   | Entered Level 1 of the Lair of Beasts
  8173 | D:10     | Reached skill level 12 in Long Blades
  8234 | D:10     | Got a blackened flail
  8342 | D:10     | Killed an unseen horror
  8425 | D:10     | Identified the +8 flail of Buity {drain, rN+ MP+9} (You found it on level 10 of the Dungeon)
  8506 | D:10     | Gained mutation: You cannot study or cast Poison magic. [Ru sacrifice]
  8506 | D:10     | Gained mutation: You cannot study or cast Necromancy magic. [Ru sacrifice]
  8506 | D:10     | Gained mutation: You cannot study or cast Conjurations magic. [Ru sacrifice]
  8506 | D:10     | Acquired Ru's second power
  8546 | D:11     | Noticed a hill giant
  8548 | D:11     | Noticed a four-headed hydra
  8558 | D:10     | Killed a hill giant
  8732 | D:11     | Noticed a green ugly thing
  8748 | D:10     | Killed a green ugly thing
  9191 | Lair:1   | Reached skill level 13 in Long Blades
  9207 | Lair:1   | Reached XP level 11. HP: 95/95 MP: 4/4
  9464 | Lair:2   | Noticed a seven-headed hydra
  9473 | Lair:2   | Killed a seven-headed hydra
  9521 | Lair:2   | Found a labyrinth entrance.
  9543 | Lair:2   | Gained mutation: You are somewhat unskilled (-1 Apt). [Ru sacrifice]
  9543 | Lair:2   | Reduced skill Long Blades to level 12
  9543 | Lair:2   | Acquired Ru's third power
  9543 | Lair:2   | Acquired Ru's fourth power
  9576 | Lab      | Entered a labyrinth
 10144 | Lab      | Noticed a minotaur
 10162 | Lab      | Killed a minotaur
 10230 | Lair:1   | Reached skill level 13 in Long Blades
 11464 | Lair:2   | HP: 3/95 [blink frog[the player character] (9)]
 11636 | Lair:2   | Reached skill level 14 in Long Blades
 11829 | Lair:2   | Got a faintly glowing scale mail
 11840 | Lair:2   | Identified the cursed -5 scale mail "Stoelei" {rC+ Dex+4} (You found it on level 2 of the Lair of Beasts)
 11866 | Lair:3   | Reached XP level 12. HP: 80/104 MP: 5/5
 11947 | Lair:2   | Gained mutation: You cannot read scrolls while threatened. [Ru sacrifice]
 11947 | Lair:2   | Acquired Ru's fifth power
 12129 | Lair:2   | Found a glowing silver altar of Zin.
 12459 | Lair:3   | Noticed an eight-headed hydra
 12468 | Lair:3   | Killed an eight-headed hydra
 12590 | Lair:4   | Noticed a five-headed hydra
 12895 | Lair:3   | Reached skill level 10 in Dodging
 13074 | Lair:3   | Found a staircase to the Shoals.
 13165 | Lair:3   | Gained mutation: You cannot be stealthy. [Ru sacrifice]
 13171 | Shoals:1 | Entered Level 1 of the Shoals
 13214 | Lair:3   | Noticed an eight-headed hydra
 13224 | Lair:3   | Killed an eight-headed hydra
 13535 | Lair:4   | Reached skill level 15 in Long Blades
 13606 | Lair:4   | Killed a five-headed hydra
 13606 | Lair:4   | Reached skill level 10 in Fighting
 13696 | Lair:4   | Found a staircase to the Snake Pit.
 13704 | Snake:1  | Entered Level 1 of the Snake Pit
 14453 | Lair:2   | Gained mutation: You have difficulty communicating with the divine. [potion of mutation]
 14453 | Lair:2   | Gained mutation: You are partially covered in yellow scales (AC +2). [potion of mutation]
 14453 | Lair:2   | Gained mutation: Your magical capacity is low (-10% MP). [potion of mutation]
 14454 | Lair:2   | Lost mutation: Your spells are a little harder to cast, but a little more powerful. [potion of cure mutation]
 14454 | Lair:2   | Lost mutation: Your magical capacity is low (-10% MP). [potion of cure mutation]
 14454 | Lair:2   | Lost mutation: You have difficulty communicating with the divine. [potion of cure mutation]
 14454 | Lair:2   | Lost mutation: You are partially covered in yellow scales (AC +2). [potion of cure mutation]
 14755 | Lair:5   | Gained mutation: You are weak. (Str -2) [Ru sacrifice]
 14891 | Lair:5   | Reached XP level 13. HP: 113/113 MP: 5/5
 14993 | Lair:5   | Reached skill level 5 in Throwing
 15051 | Lair:5   | Reached skill level 16 in Long Blades
 15551 | Lair:6   | Found a burning altar of Makhleb.
 16720 | Lair:8   | Entered Level 8 of the Lair of Beasts
 16794 | Lair:8   | Reached skill level 17 in Long Blades
 16849 | Lair:8   | Found a viscous altar of Jiyva.
 16849 | Lair:8   | Found a staircase to the Slime Pits.
 16867 | Lair:7   | Reached skill level 1 in Maces & Flails
 17595 | Lair:8   | Reached XP level 14. HP: 99/124 MP: 5/5
 17908 | Lair:8   | Slain by a death yak

Action                   |  1- 3 |  4- 6 |  7- 9 | 10-12 | 13-15 || total
-------------------------+-------+-------+-------+-------+-------++-------
Melee: Long sword        |    84 |   160 |   266 |   244 |       ||   754
       Unarmed           |       |       |    18 |       |       ||    18
       Scimitar          |       |       |       |   458 |   513 ||   971
       Flail             |       |       |       |    13 |    31 ||    44
Throw: Throwing net      |       |     5 |     3 |     1 |       ||     9
       Javelin           |       |       |    14 |    41 |    16 ||    71
Invok: Sacrifice Purity  |       |       |     1 |     1 |       ||     2
       Sacrifice Love    |       |       |     1 |       |       ||     1
       Sacrifice Arcana  |       |       |       |     1 |       ||     1
       Draw Out Power    |       |       |       |     2 |     4 ||     6
       Sacrifice Skill   |       |       |       |     1 |       ||     1
       Sacrifice Words   |       |       |       |     1 |       ||     1
       Sacrifice Stealth |       |       |       |     1 |       ||     1
  Use: Scroll            |     2 |       |     9 |    17 |       ||    28
       Potion            |       |       |       |     9 |       ||     9
 Stab: Sleeping          |     1 |       |       |       |       ||     1
       Held in net/web   |       |       |       |     2 |       ||     2
       Distracted        |       |       |       |     3 |     3 ||     6
       Invisible         |       |       |       |     1 |     6 ||     7
       Paralysed         |       |       |       |       |     7 ||     7
       Fleeing           |       |       |       |       |     1 ||     1
  Eat: Chunk             |     2 |     6 |    11 |    24 |    13 ||    56
       Pizza             |       |       |       |     1 |       ||     1
